 Dungeon Crawl Stone Soup version 0.30.1-11-g7821555f0a (webtiles) character file.

Game seed: 766152076348200206

610 Peloso the Slasher (level 7, -23/61 HPs)
             Began as a Minotaur Fighter on Dec 8, 2023.
             Killed by an exploding ogre (38 damage)
             ... ignited by their inner flame
             ... on level 5 of the Dungeon.
             The game lasted 00:05:46 (2802 turns).

Peloso the Slasher (Minotaur Fighter)               Turns: 2802, Time: 00:05:46

Health: -23/61     AC:  7    Str: 20    XL:     7   Next: 20%
Magic:  6/6        EV:  9    Int:  5    God:
Gold:   216        SH:  9    Dex: 12    Spells: 6/6 levels left

rFire   . . .        a - +0 long sword
rCold   . . .        d - +0 kite shield
rNeg    . . .        c - +0 scale mail
rPois   .            (helmet restricted)
rElec   .            (no cloak)
rCorr   .            (no gloves)
SInv    .            (no boots)
Will    .....        (no amulet) Stlth
                     (no ring)
HPRegen 0.30/turn    (no ring)
MPRegen 0.10/turn

%: no passive effects
@: no status effects
A: horns 2, retaliatory headbutt
a: no special abilities


You were on level 5 of the Dungeon.
You visited 1 branch of the dungeon, and saw 5 of its levels.

You collected 216 gold pieces.

Inventory:

Hand Weapons
 a - a +0 long sword (weapon)
 b - a +2 falchion of holy wrath
Armour
 c - a +0 scale mail (worn)
 d - a +0 kite shield (worn)
Wands
 s - a wand of digging (5)
Scrolls
 f - 3 scrolls of identify
 g - a scroll of enchant armour {unknown}
 h - 2 scrolls of immolation
 n - 4 scrolls of fear {unknown}
 o - a scroll of amnesia {unknown}
 p - a scroll of vulnerability {unknown}
 q - a scroll of teleportation {unknown}
Potions
 e - 2 potions of curing
 i - a potion of mutation {unknown}
 j - a potion of lignification {unknown}
 k - 3 potions of attraction
 l - a potion of might
 m - a potion of brilliance {unknown}
 r - a potion of heal wounds {unknown}


   Skills:
 + Level 5.6 Fighting
 + Level 6.0 Long Blades
 + Level 5.5 Armour
 + Level 1.7 Dodging
 + Level 0.6 Stealth
 + Level 5.0 Shields


You had 6 spell levels left.
You didn't know any spells.
Your spell library contained the following spells:

 Spells                   Type           Power      Damage    Failure   Level
 Poisonous Vapours        Pois/Air       0%         N/A       99%         2
 Static Discharge         Conj/Air       0%         2-2/arc   99%         2
 Mephitic Cloud           Conj/Pois/Air  0%         N/A       100%        3
 Airstrike                Air            0%         2d(0-16)  100%        4
 Summon Lightning Spire   Summ/Air       0%         N/A       100%        4
 Freezing Cloud           Conj/Ice/Air   0%         6-21      100%        5


Dungeon Overview and Level Annotations

Branches:
Dungeon (5/15)
 Temple: D:4-7

Altars:
Cheibriados
Dithmenos
Trog
Zin

Annotations:
D:5 Sigmund


Innate Abilities, Weirdness & Mutations

You have a pair of horns on your head.
You reflexively headbutt those who attack you in melee.


Message History

An ogre is nearby!
An ogre is nearby!
Okay, then.
Found a scroll labelled GIEGID KAFAS and 16 gold pieces.
An ogre comes into view. It is wielding a +0 giant spiked club.
The ogre shouts!
The ogre moves out of view.
The ogre hits you with a +0 giant spiked club!!
Ouch! That really hurt!
You hear a shout!
The ogre attacks as you move away! The ogre barely misses you.
Sigmund the Dreaded comes into view.
He is wielding a +3 scythe of pain.
Sigmund shouts!
You see here 16 gold pieces.
Okay, then.
As you read the scroll labelled LEICZO RIHELI, it crumbles to dust.
It is a scroll of identify.
k - 3 potions of attraction
As you read the scroll labelled PUOCUE JATEA, it crumbles to dust.
The creatures around you are filled with an inner flame!
It was a scroll of immolation.
The ogre hits you with a +0 giant spiked club!!
* * * LOW HITPOINT WARNING * * *
Unknown command.
Okay, then.
You feel better. The ogre barely misses you. You furiously retaliate!
You headbutt the ogre!
Flame seeps out of the ogre.
You feel better. You block Sigmund's attack.
You hit the ogre.
Flame seeps out of the ogre.
The ogre is moderately wounded.
The ogre is engulfed in blazing flames.
Flame seeps out of the ogre.
The ogre hits you with a +0 giant spiked club.
Sigmund hits you from afar with a +3 scythe of pain!
* * * LOW HITPOINT WARNING * * *
Unknown command.
You barely miss the ogre. You headbutt the ogre!
The ogre explodes!
The fiery explosion engulfs the ogre!!!
The fiery explosion engulfs you!!!
Ouch! That really hurt!
You die...

.....##..##........#
. ##.#
#..##......#.# .. #
#..####.##.#.##...
...####.##........
##............##...
#...###.##....#
......§)§###.#
.....#)## #?. #.##
#@# ..# . #.# .# ##@
#. #. .# . .


You could see Sigmund.

Vanquished Creatures
  Eustachio (D:5)
  A black bear (D:4)
  3 ogres
  2 scorpions
  A jelly (D:4)
  A hound (D:4)
  4 adders
  A worm (D:2)
  A dart slug (D:1)
  An orc (D:5)
  10 endoplasms
  2 giant cockroaches
  5 goblins
  8 hobgoblins
  8 jackals (D:3)
  6 quokkas
  11 ball pythons
  2 bats (D:2)
  3 frilled lizards
  7 kobolds
  7 rats
85 creatures vanquished.

Notes
Turn   | Place    | Note
-------+----------+-------------------------------------------
     0 | D:1      | Peloso the Minotaur Fighter began the quest for the Orb.
     0 | D:1      | Reached XP level 1. HP: 19/19 MP: 0/0
   122 | D:1      | Reached XP level 2. HP: 24/27 MP: 1/1
   720 | D:2      | Reached XP level 3. HP: 34/34 MP: 2/2
   913 | D:2      | Reached skill level 3 in Long Blades
  1047 | D:2      | Reached XP level 4. HP: 41/41 MP: 3/3
  1336 | D:3      | Found a glowing silver altar of Zin.
  1406 | D:3      | Found a snail-covered altar of Cheibriados.
  1863 | D:3      | Found a bloodstained altar of Trog.
  1865 | D:3      | Found a shadowy altar of Dithmenos.
  1983 | D:4      | Noticed an ogre
  2065 | D:4      | Reached skill level 4 in Long Blades
  2125 | D:4      | Noticed a black bear
  2162 | D:4      | Reached XP level 5. HP: 47/47 MP: 4/4
  2179 | D:4      | Killed a black bear
  2180 | D:4      | Reached skill level 5 in Fighting
  2180 | D:4      | Reached skill level 1 in Dodging
  2375 | D:4      | Reached skill level 5 in Long Blades
  2375 | D:4      | Reached XP level 6. HP: 49/56 MP: 5/5
  2383 | D:4      | Reached skill level 5 in Armour
  2583 | D:5      | Entered Level 5 of the Dungeon
  2669 | D:5      | Noticed Eustachio
  2689 | D:5      | Killed Eustachio
  2690 | D:5      | Reached skill level 6 in Long Blades
  2690 | D:5      | Reached skill level 5 in Shields
  2690 | D:5      | Reached XP level 7. HP: 37/61 MP: 6/6
  2796 | D:5      | Noticed Sigmund
  2802 | D:5      | Killed by an exploding ogre... ignited by their inner flame

Illustrated notes

Levels and vault maps discovered:
D:1:      dpeg_arrival_simpleton_b, layout_rooms
D:2:      layout_loops_ring
D:3:      layout_basic, overflow_temple_1_default, mainiacjoe_overflow_chevrons,
          jmf_multi_god_temple
D:4:      layout_basic, minmay_quadrilaterals
D:5:      layout_loops_ring, st_stairs_12, uniq_sigmund, uniq_duvessa,
          uniq_eustachio, uniq_crazy_yiuf_cottage

Skill      XL: |  1  2  3  4  5  6 |
---------------+-------------------+-----
Fighting       | 4 5 |  5.6
Armour         | 4 5 |  5.5
Shields        | 4 5 |  5.0
Long Blades    | 3 4 5 6 |  6.0
Dodging        | 1 |  1.7
Stealth        | |  0.6

Action                     |  1- 3 |  4- 6 |  7- 9 || total
---------------------------+-------+-------+-------++-------
  Melee: Long sword        |    92 |   118 |     2 ||   212
         Headbutt          |     8 |    19 |     1 ||    28
    Use: Potion            |     1 |       |     2 ||     3
         Scroll            |       |       |     2 ||     2
 Armour: Scale mail        |    43 |    54 |       ||    97
  Dodge: Dodged            |    38 |    55 |     2 ||    95
  Block: Buckler           |    14 |       |       ||    14
         Kite shield       |       |    65 |     1 ||    66
